 Dungeon Crawl Stone Soup version 0.24-a0-201-gf205589 (webtiles) character file.

Game seed: 3928794633406077589

122 Borgoz the Bolt Thrower (level 5, 0/30 HPs)
             Began as a Kobold Hunter on Mar 24, 2019.
             Killed from afar by an orc wizard (6 damage)
             ... with a magic dart
             ... on level 3 of the Dungeon.
             The game lasted 00:04:46 (1935 turns).

Borgoz the Bolt Thrower (Kobold Hunter)             Turns: 1935, Time: 00:04:47

Health: 0/30       AC:  7    Str: 11    XL:     5   Next: 27%
Magic:  5/5        EV: 14    Int: 12    God:
Gold:   91         SH:  0    Dex: 15    Spells: 4/4 levels left

rFire    . . .     SeeInvis .   b - +1 hand crossbow
rCold    . . .     Gourm    .   (shield restricted)
rNeg     . . .     Faith    .   m - +0 ring mail
rPois    .         Spirit   .   (no helmet)
rElec    .         Reflect  .   (no cloak)
rCorr    .         Harm     .   (no gloves)
MR       .....                  (no boots)
Stlth    ++........             (no amulet)
HPRegen  0.10/turn              j - +2 ring of protection
MPRegen  0.09/turn              (no ring)

@: hasted, very quick
A: small, carnivore
a: no special abilities


You were on level 3 of the Dungeon.
You were completely stuffed.

You visited 1 branch of the dungeon, and saw 3 of its levels.

You collected 91 gold pieces.

Inventory:

Hand Weapons
 a - a +0 short sword
 b - a +1 hand crossbow (weapon)
Missiles
 d - 11 bolts (quivered)
Armour
 m - a +0 ring mail (worn)
Jewellery
 j - a +2 ring of protection (left hand)
Scrolls
 h - a scroll of remove curse
Potions
 i - a potion of agility
 k - 2 potions of curing
Comestibles
 c - 3 chunks of flesh
 f - 7 rations


   Skills:
 - Level 2.1 Fighting
 * Level 3.3 Short Blades
 - Level 4.8 Crossbows
 * Level 2.0 Armour
 + Level 3.2 Dodging
 + Level 2.9 Stealth


You had 4 spell levels left.
You didn't know any spells.
Your spell library was empty.

Dungeon Overview and Level Annotations

Branches:
Dungeon (3/15)

Altars:
Trog


Innate Abilities, Weirdness & Mutations

You are small and have problems with some larger weapons.
You are carnivorous and can eat meat at any time.


Message History

You shoot a bolt. The bolt hits the orc priest.
The orc priest is lightly wounded.
The orc priest mumbles some strange prayers to Beogh against you.
Pain shoots through your body!
* * * LOW HITPOINT WARNING * * *
You feel better.
A goblin comes into view.
You feel yourself speed up.
The orc priest invokes the aid of Beogh against you.
Pain shoots through your body!
* * * LOW HITPOINT WARNING * * *
The orc priest miscasts a cantrip.
There is a bloodstained altar of Trog here.
Things that are here:
a dagger; an animal skin An orc comes into view.
The orc shouts!
The orc wizard casts a spell at you. The magic dart hits you.
You die...

( #### ###(.
....#########... #
#...........)( #.
#.#.......o.# #..
#.###.....g.# #....
#...#.#.oo###.#
#....##.#.#..._.....#
#........o@.....#####
#.....#..########
#....##.........
#.)....>........
#........##.....
#.....#.###.####
#.....#..(..#
#............
###'######### ##


You could see an orc priest, an orc wizard, 2 orcs and a goblin.

Vanquished Creatures
  4 adders
  An ooze (D:1)
  2 worms
  3 dart slugs
  2 leopard geckos
  2 orcs (D:3)
  7 giant cockroaches (D:1)
  7 goblins
  7 hobgoblins
  4 jackals
  2 quokkas (D:2)
  4 bats
  3 frilled lizards
  6 kobolds
  8 rats
62 creatures vanquished.

Notes
Turn   | Place    | Note
-------+----------+-------------------------------------------
     0 | D:1      | Borgoz the Kobold Hunter began the quest for the Orb.
     0 | D:1      | Reached XP level 1. HP: 12/12 MP: 1/1
    45 | D:1      | Reached skill level 1 in Short Blades
   311 | D:1      | Reached XP level 2. HP: 17/17 MP: 2/2
   525 | D:1      | Reached XP level 3. HP: 21/21 MP: 3/3
   536 | D:1      | Reached skill level 1 in Armour
   945 | D:2      | Found a faded altar of an unknown god.
   954 | D:2      | Reached XP level 4. HP: 21/26 MP: 4/4
  1643 | D:2      | Reached XP level 5. HP: 28/30 MP: 5/5
  1908 | D:3      | Found a bloodstained altar of Trog.
  1935 | D:3      | Killed from afar by an orc wizard

Levels and vault maps discovered:
D:1:      minmay_arrival_shattered_statue, layout_basic
D:2:      layout_rooms, chequers_ecumenical_altar_simple, first_ration
D:3:      layout_basic, bloody_trog

Skill      XL: |  1  2  3  4  5 |
---------------+----------------+-----
Short Blades   | 1 2 3 |  3.3
Stealth        | 2 |  2.9
Armour         | 1 2 |  2.0
Dodging        | 3 |  3.2
Fighting       | |  2.1
Crossbows      | |  4.8

Action                   |  1- 3 |  4- 6 || total
-------------------------+-------+-------++-------
Melee: Short sword       |   104 |   135 ||   239
 Fire: Hand crossbow     |    18 |    18 ||    36
Throw: Throwing net      |       |     1 ||     1
  Use: Scroll            |       |     8 ||     8
       Potion            |       |     2 ||     2
 Stab: Sleeping          |     6 |     1 ||     7
  Eat: Chunk             |     9 |     3 ||    12
Armor: Leather armour    |    20 |    12 ||    32
       Ring mail         |       |    19 ||    19
Dodge: Dodged            |    88 |    88 ||   176

Table legend:
 A = Non-vault XP
 B = Vault XP
 C = Vault XP percentage of total XP
 D = Non-vault monster count
 E = Vault monster count
 F = Vault count percentage of total count
                 A         B        C        D         E       F
            +---------+---------+-------+---------+---------+-------
      Total |     175 |       0 |   0.0 |      62 |       0 |   0.0
            +---------+---------+-------+---------+---------+-------
        D:1 |      63 |       0 |   0.0 |      32 |       0 |   0.0
        D:2 |      78 |       0 |   0.0 |      21 |       0 |   0.0
        D:3 |      34 |       0 |   0.0 |       9 |       0 |   0.0
            +---------+---------+-------+---------+---------+-------
